 Dungeon Crawl Stone Soup version 0.27-a0-1066-g29160eaed2 (webtiles) character file.

Game seed: 9076632292354828744

711 ncenk the Digger (level 7, -4/37 HPs)
             Began as a Gargoyle Earth Elementalist on Apr 24, 2021.
             Slain by an iguana (10 damage)
             ... on level 5 of the Dungeon.
             The game lasted 00:08:15 (6492 turns).

ncenk the Digger (Gargoyle Earth Elementalist)      Turns: 6492, Time: 00:08:16

Health: -4/37      AC:  7    Str: 11    XL:     7   Next: 68%
Magic:  6/13       EV: 12    Int: 18    God:
Gold:   223        SH:  0    Dex: 10    Spells: 6/15 levels left

rFire    . . .     SeeInvis +   d - +4 falchion (holy)
rCold    + . .     Faith    .   (no shield)
rNeg     + + .     Spirit   .   c - +1 robe
rPois    ∞         Reflect  .   (helmet restricted)
rElec    +         Harm     .   g - scarf {+Inv}
rCorr    .         Rampage  .   (no gloves)
Will     .....                  (no boots)
Stlth    ++........             (no amulet)
HPRegen  0.12/turn              m - ring of positive energy
MPRegen  0.13/turn              (no ring)

@: no status effects
A: AC +4, negative energy resistance 1, electricity resistance, torment
resistance 1, unbreathing 1, petrification resistance, antennae 1, see
invisible, cold resistance 1
a: Evoke Invisibility


You were on level 5 of the Dungeon.
You visited 1 branch of the dungeon, and saw 5 of its levels.

You collected 223 gold pieces.

Inventory:

Hand Weapons
 d - a +4 falchion of holy wrath (weapon)
 n - a +0 flail
Missiles
 b - 84 stones
Armour
 c - a +1 robe (worn)
 g - a scarf of invisibility (worn)
Magical Staves
 h - a staff of fire
Jewellery
 m - a ring of positive energy (left hand)
Scrolls
 a - 3 scrolls of fog
 e - 3 scrolls of teleportation
Potions
 f - a potion of brilliance
 i - a potion of flight
 j - a potion of berserk rage
 l - 6 potions of curing
 p - 2 potions of attraction
 q - a potion of haste {unknown}


   Skills:
 + Level 0.8 Fighting
 + Level 1.0 Maces & Flails
 + Level 0.9 Armour
 + Level 1.9 Dodging
 - Level 2.1 Stealth
 + Level 4.6 Spellcasting
 + Level 4.2 Conjurations
 - Level 0.7 Transmutations
 + Level 6.6 Earth Magic
 + Level 0.6 Evocations


You had 6 spell levels left.
You knew the following spells:

 Your Spells              Type           Power      Damage    Failure   Level
a - Sandblast             Erth           56%        2d13      1%          1
b - Stone Arrow           Conj/Erth      46%        3d9       4%          3
c - Lee's Rapid Deconstr  Erth           14%        3d10*     26%         5

Your spell library contained the following spells:

 Spells                   Type           Power      Damage    Failure   Level
 Passwall                 Tmut/Erth      14%        N/A       4%          2
 Foxfire                  Conj/Fire      44%        2x1d6     6%          1
 Sting                    Tmut/Pois      20%        1d4       12%         1
 Animate Skeleton         Necr           8%         N/A       14%         1
 Pain                     Necr           16%        1d4       14%         1
 Conjure Flame            Conj/Fire      11%        6-21      17%         3
 Poisonous Vapours        Pois/Air       8%         N/A       22%         2
 Mephitic Cloud           Conj/Pois/Air  9%         N/A       24%         3
 Petrify                  Tmut/Erth      17%        N/A       30%         4
 Ignite Poison            Fire/Tmut/Pois 5%         N/A       36%         3
 Inner Flame              Hex/Fire       4%         N/A       38%         3
 Vampiric Draining        Necr           2%         2d6       38%         3
 Sticky Flame             Conj/Fire      11%        2d3       50%         4
 Animate Dead             Necr           2%         N/A       80%         4
 Olgreb's Toxic Radiance  Pois           4%         N/A       80%         4
 Fireball                 Conj/Fire      5%         3d5       85%         5
 Agony                    Necr           4%         N/A       98%         5


Dungeon Overview and Level Annotations

Branches:
Dungeon (5/15)
 Temple: D:4-7

Altars:
Kikubaaqudgha
Qazlal

Shops:
D:3 =   D:5 (


Innate Abilities, Weirdness & Mutations

Your stone body is resilient. (AC +4)
You are immune to poison.
You resist negative energy. (rN+)
You are resistant to electric shocks. (rElec)
You are resistant to unholy torment.
You can survive without breathing.
You are immune to petrification.
You have a pair of small antennae on your head.
You have supernaturally acute eyesight. (SInv)
Your flesh is cold resistant. (rC+)


Message History

Aim: an iguana (moderately wounded, 83% to hit)
The blast of sand hits the iguana!
The iguana is severely wounded.
The iguana bites you!
Casting: Sandblast (safe; 1% risk of failure)
Confirm with . or Enter, or press ? or * to list all spells.
Aiming: Sandblast (safe; 1% risk of failure)
Press: ? - help, Shift-Dir - straight line, f/p - iguana
Aim: an iguana (severely wounded, 83% to hit)
The blast of sand hits the iguana but does no damage.
The iguana is severely wounded.
The iguana bites you!
Casting: Sandblast (safe; 1% risk of failure)
Confirm with . or Enter, or press ? or * to list all spells.
Aiming: Sandblast (safe; 1% risk of failure)
Press: ? - help, Shift-Dir - straight line, f/p - iguana
Aim: an iguana (severely wounded, 83% to hit)
The blast of sand hits the iguana but does no damage.
The iguana is severely wounded.
The iguana bites you!
Casting: Sandblast (safe; 1% risk of failure)
Confirm with . or Enter, or press ? or * to list all spells.
Okay, then.
Casting: Sandblast (safe; 1% risk of failure)
Confirm with . or Enter, or press ? or * to list all spells.
Aiming: Sandblast (safe; 1% risk of failure)
Press: ? - help, Shift-Dir - straight line, f/p - iguana
Aim: an iguana (severely wounded, 83% to hit)
The blast of sand misses the iguana.
The iguana bites you.
* * * LOW HITPOINT WARNING * * *
Unknown command.
Casting: Sandblast (safe; 1% risk of failure)
Confirm with . or Enter, or press ? or * to list all spells.
Aiming: Sandblast (safe; 1% risk of failure)
Press: ? - help, Shift-Dir - straight line, f/p - iguana
Aim: an iguana (severely wounded, 83% to hit)
The blast of sand hits the iguana.
The iguana is severely wounded.
The iguana bites you!
You die...

#.##.......##.##.## #.# #.##
#..........##.##.# #.#####.#
####.###...##.##.# #...>...#
#.##.....#.##.# #########
#.###...##.##.# #.#
##.###.##.# #.# #.# #.##.#
#.# ##.# #.##.#
#.###..###@##.#######
#.##.....l.##...>...#
#.##..#######.......#
###.##..# #.......######
#.......# #............#
#.###...#######.......####.#
#. #.........#.......# #.# #
#......##.#.......# #.#
......###.##.####.#### #.#


You could see an iguana.

Vanquished Creatures
  Sigmund (D:4)
  A sky beast (D:5)
  A phantom (D:5)
  3 jellies (D:5)
  A hound (D:5)
  An orc priest (D:3)
  An iguana (D:5)
  2 orc wizards (D:4)
  A killer bee zombie (D:5)
  6 adders
  4 dart slugs
  9 orcs
  10 endoplasms
  4 giant cockroaches
  4 goblins
  4 hobgoblins
  5 jackals
  7 kobolds
  6 quokkas
  8 ball pythons
  4 bats
  4 frilled lizards
  2 rats (D:2)
89 creatures vanquished.

Notes
Turn   | Place    | Note
-------+----------+-------------------------------------------
     0 | D:1      | ncenk the Gargoyle Earth Elementalist began the quest for
                  | the Orb.
     0 | D:1      | Reached XP level 1. HP: 10/10 MP: 3/3
   322 | D:1      | Reached XP level 2. HP: 15/15 MP: 0/5
   406 | D:1      | Reached skill level 4 in Earth Magic
   589 | D:1      | Found a faded altar of an unknown god.
  1525 | D:1      | Reached XP level 3. HP: 5/19 MP: 4/6
  1939 | D:1      | Learned a level 3 spell: Stone Arrow
  2057 | D:2      | Found a stormy altar of Qazlal.
  2873 | D:2      | Reached skill level 1 in Conjurations
  2873 | D:2      | Reached XP level 4. HP: 22/24 MP: 4/8
  3287 | D:3      | Reached skill level 5 in Earth Magic
  3425 | D:3      | Reached XP level 5. HP: 28/28 MP: 9/9
  3431 | D:3      | Learned a level 5 spell: Lee's Rapid Deconstruction
  3536 | D:3      | Gained mutation: Your flesh is cold resistant. (rC+)
                  | [potion of mutation]
  3536 | D:3      | Gained mutation: You have a pair of small antennae on your
                  | head. [potion of mutation]
  3536 | D:3      | Gained mutation: You have supernaturally acute eyesight.
                  | (SInv) [potion of mutation]
  3544 | D:3      | Found Qijiy's Jewellery Boutique.
  4417 | D:4      | Found an ancient bone altar of Kikubaaqudgha.
  4609 | D:4      | Noticed Sigmund
  4627 | D:4      | Killed Sigmund
  4628 | D:4      | Reached XP level 6. HP: 32/32 MP: 1/11
  4921 | D:4      | Reached skill level 6 in Earth Magic
  5150 | D:5      | Entered Level 5 of the Dungeon
  5367 | D:5      | Found Yjefats's Antique Weapon Shoppe.
  5602 | D:5      | Reached XP level 7. HP: 29/36 MP: 11/13
  6212 | D:5      | Reached skill level 1 in Maces & Flails
  6492 | D:5      | Slain by an iguana

Illustrated notes

Levels and vault maps discovered:
D:1:      giann_wishing_wells, layout_basic, basic_ecumenical_altar,
          amcnicky_mini_rare_corridor_liquid
D:2:      layout_loops_corners, basic_altar, minmay_pentomino_p4
D:3:      minmay_inner_zag, layout_basic, serial_shops, nicolae_shop_trees
D:4:      layout_layer_cave, nicolae_kikubaaqudgha_miasma_corner, uniq_sigmund
D:5:      layout_loops_ring, serial_shops, shop

Skill      XL: |  1  2  3  4  5  6  7 |
---------------+----------------------+-----
Earth Magic    | 4 5 6 |  6.6
Conjurations   | 1 3 4 |  4.2
Spellcasting   | 3 4 |  4.6
Maces & Flails | 1 |  1.0
Fighting       | |  0.8
Armour         | |  0.9
Dodging        | |  1.9
Stealth        | |  2.1
Transmutations | |  0.7
Evocations     | |  0.6

Action                   |  1- 3 |  4- 6 |  7- 9 || total
-------------------------+-------+-------+-------++-------
Melee: Club              |    27 |       |       ||    27
       Dagger            |    43 |    10 |       ||    53
       Falchion          |       |   101 |    20 ||   121
 Cast: Sandblast         |    35 |    15 |    18 ||    68
       Stone Arrow       |       |     3 |     3 ||     6
  Use: Scroll            |       |    16 |     1 ||    17
       Potion            |       |     2 |       ||     2
 Stab: Sleeping          |     3 |     6 |       ||     9
       Distracted        |       |     1 |       ||     1
Armor: Robe              |    28 |    41 |    10 ||    79
       Skin              |       |     9 |       ||     9
Dodge: Dodged            |    51 |    64 |    22 ||   137
       Rpst.: Falchion   |       |    19 |     7 ||    26

Table legend: (Time is in decaauts)
 A = Elapsed time spent in this place.
 B = Non-inter-level travel time spent in this place.
 C = Inter-level travel time spent in this place.
 D = Time resting spent in this place.
 E = Time spent auto-exploring this place.
 F = Levels seen in this place.
 G = Mean time per level.
                   A        B        C        D        E       F      G
               +--------+--------+--------+--------+--------+-----+--------+
         Total |   6533 |   6437 |     96 |   1240 |   4431 |   5 | 1306.6 |
       Dungeon |   6533 |   6437 |     96 |   1240 |   4431 |   5 | 1306.6 |
               +--------+--------+--------+--------+--------+-----+--------+

Top non-repeatable levels by time:
     D:1: 1968 daAuts
     D:5: 1352 daAuts
     D:2: 1259 daAuts
     D:3: 1192 daAuts
     D:4: 761 daAuts
